 Dungeon Crawl Stone Soup version 0.30.1-9-gdf580d7c3d (webtiles) character file.

Game seed: 13819580935546486892

4 KittyFluff the Trooper (level 1, -2/21 HPs)
             Began as a Gargoyle Berserker on Oct 6, 2023.
             Was a Follower of Trog.
             Frozen to death by an endoplasm (5 damage)
             ... on level 1 of the Dungeon.
             The game lasted 00:00:42 (124 turns).

KittyFluff the Trooper (Gargoyle Berserker)          Turns: 124, Time: 00:00:43

Health: -2/21      AC:  4    Str: 20    XL:     1   Next: 60%
Magic:  1/1        EV: 11    Int:  7    God:    Trog [*.....]
Gold:   14         SH:  0    Dex:  9    Spells: 0/0 levels left

rFire   . . .        a - +0 mace
rCold   . . .        (no shield)
rNeg    + . .        b - +0 animal skin
rPois   ∞            (no helmet)
rElec   +            (no cloak)
rCorr   .            (no gloves)
SInv    .            (no boots)
Will    +....        (no amulet) Stlth
                     d - ring of willpower
HPRegen 0.23/turn    e - ring of flight
MPRegen 0.07/turn

%: no passive effects
@: berserking, flying, very quick
A: sickness immunity, AC +2, negative energy resistance 1, electricity
resistance, torment resistance 1, petrification resistance
a: Renounce Religion, Berserk


You were on level 1 of the Dungeon.
You worshipped Trog.
Trog was aware of your devotion.
You visited 1 branch of the dungeon, and saw 1 of its levels.

You collected 14 gold pieces.

Inventory:

Hand Weapons
 a - a +0 mace (weapon)
Armour
 b - a +0 animal skin (worn)
Jewellery
 d - a ring of willpower (left hand)
 e - a ring of flight (right hand)
Scrolls
 c - a scroll of torment {unknown}


   Skills:
 + Level 3.3 Fighting
 * Level 3.1 Maces & Flails
 * Level 2.3 Armour
 + Level 1.6 Dodging


You couldn't memorise any spells.
You didn't know any spells.
Your spell library was empty.

Dungeon Overview and Level Annotations

Branches:
Dungeon (1/15)

Altars:


Innate Abilities, Weirdness & Mutations

You are immune to sickness and miasma.
Your stone body is resilient. (AC +2)
You are immune to poison.
You resist negative energy. (rN+)
You are resistant to electric shocks. (rElec)
You are resistant to unholy torment.
You are immune to petrification.


Message History

The ball python hisses angrily.
Found a brass ring.
You barely miss the ball python. The ball python closely misses you.
The ball python misses you. The ball python closely misses you. x2
You hit the ball python.
You kill the ball python!
Trog accepts your kill.
You now have 14 gold pieces.
A ball python comes into view.
The ball python hisses angrily.
You sock the ball python!
You kill the ball python!
Trog accepts your kill.
You see here a ball python corpse.
You see here a ball python corpse.
Found a scratched diamond ring.
d - a ring of willpower
d - a ring of willpower (left hand)
e - a ring of flight You fly up into the air.
e - a ring of flight (right hand)
An endoplasm comes into view.
The endoplasm quivers.
The endoplasm jiggles.
The endoplasm freezes you.
You are frozen.
You hit the endoplasm.
The endoplasm is heavily wounded.
The endoplasm hits you.
You barely miss the endoplasm.
The endoplasm is heavily wounded.
The endoplasm freezes you.
You are frozen.
* * * LOW HITPOINT WARNING * * *
You fail to use your ability.
The endoplasm barely misses you.
A red film seems to cover your vision as you go berserk!
You feel yourself moving faster!
You feel mighty! The endoplasm freezes you.
You are frozen.
You die...

#.........# #.........#
##. ##.......## ##...
#.........###....
#..............#
#####............###..
##.....................
##......................
#...............@###....
#.............#.J.......
#.................#####.
#.......†..##...#.#
#...........#.#.#..
##........#...#.....
#...........#### #..
#......†....# .##
#...........#


You could see an endoplasm.

Vanquished Creatures
  A goblin (D:1)
  2 ball pythons (D:1)
  A frilled lizard (D:1)
  A kobold (D:1)
5 creatures vanquished.

Notes
Turn   | Place    | Note
-------+----------+-------------------------------------------
     0 | D:1      | KittyFluff the Gargoyle Berserker began the quest for the
                  | Orb.
     0 | D:1      | Reached XP level 1. HP: 14/14 MP: 1/1
   124 | D:1      | Frozen to death by an endoplasm

Illustrated notes

Levels and vault maps discovered:
D:1:      tarquinn_simple_flora_water_a, layout_rooms

Action                     || total
---------------------------++-------
  Melee: Mace              ||    18
 Invoke: Berserk           ||     1
 Armour: Animal skin       ||     3
  Dodge: Dodged            ||    15
